General information
- name: Freakapie P:| L:1
- type: Custom game
- host: PIESOFTHENORTH
- saver: DamThatRiver
map: TheTwoRivers
- players: 3
- length: 25:44
- speed: Fast
- version: 1.26 W3XP
- replay type: Public
» download(160 KB)
Players
team 1 (loser)

»
Freakapie (
yellow | 78 APM | 2016 actions | 25:43)
3 Death Knight
2 Death Coil
1 Unholy Aura
4 Lich
2 Frost Nova
2 Dark Ritual
» actions
| Assign group hotkey | 40 | |
| Basic commands | 135 | |
| Build / train | 74 | |
| ESC pressed | 2 | |
| Enter build submenu | 18 | |
| Enter hero's abilities submenu | 7 | |
| Remove unit from queue | 1 | |
| Right click | 740 | |
| Select / deselect | 478 | |
| Select group hotkey | 377 | |
| Use ability | 144 | |
2016 total
» units
| Acolyte | 5 | |
| Ghoul | 14 | |
| Crypt Fiend | 2 | |
| Obsidian Statue | 8 | |
| Meatwagon | 1 | |
| Abomination | 5 | |
35 total
» upgrades
| Destroyer Form | 1 | |
| Creature Carapace | 0 | |
| Unholy Strength | 2 | |
| Disease Cloud | 1 | |
| Unholy Armor | 3 | |
7 total
» buildings
| Crypt | 1 | |
| Altar of Darkness | 1 | |
| Ziggurat | 5 | |
| Tomb of Relics | 2 | |
| Nerubian Tower | 2 | |
| Graveyard | 1 | |
| Halls of the Dead | 1 | |
| Slaughterhouse | 1 | |
| Spirit Tower | 2 | |
| Black Citadel | 1 | |
17 total
» build order
00:07 Crypt
00:09 Altar of Darkness
00:36 Ziggurat
00:50 Tomb of Relics
01:21 Tomb of Relics
01:55 Ziggurat
02:16 Nerubian Tower
03:47 Graveyard
04:16 Halls of the Dead
06:43 Ziggurat
06:44 Slaughterhouse
07:00 Spirit Tower
09:23 Black Citadel
09:44 Spirit Tower
17:36 Ziggurat
19:12 Nerubian Tower
23:05 Ziggurat
» items
| Rod of Necromancy | 1 | |
| Potion of Healing | 11 | |
| Potion of Mana | 2 | |
| Orb of Corruption | 1 | |
15 total
team 2 (winner)

»
DamThatRiver (
blue | 112 APM | 2878 actions | 25:44)
4 Archmage
2 Summon Water Elemental
2 Brilliance Aura
2 Mountain King
1 Storm Bolt
1 Bash
» actions
| Assign group hotkey | 46 | |
| Basic commands | 67 | |
| Build / train | 87 | |
| Enter build submenu | 29 | |
| Enter hero's abilities submenu | 6 | |
| Give item / drop item | 1 | |
| Right click | 1307 | |
| Select / deselect | 491 | |
| Select group hotkey | 738 | |
| Use ability | 106 | |
2878 total
» units
| Peasant | 8 | |
| Footman | 11 | |
| Spell Breaker | 4 | |
| Priest | 3 | |
| Rifleman | 12 | |
| Sorceress | 3 | |
| Knight | 2 | |
43 total
» upgrades
| Defend | 1 | |
| Long Rifles | 1 | |
| Priest Training | 2 | |
| Sorceress Training | 2 | |
| Gunpowder | 1 | |
| Animal War Training | 1 | |
| Armor | 1 | |
9 total
» buildings
| Altar of Kings | 1 | |
| Farm | 11 | |
| Barracks | 1 | |
| Scout Tower | 3 | |
| Arcane Tower | 1 | |
| Lumber Mill | 1 | |
| Keep | 1 | |
| Arcane Vault | 1 | |
| Blacksmith | 1 | |
| Guard Tower | 7 | |
| Castle | 1 | |
| Arcane Sanctum | 2 | |
| Town Hall | 1 | |
| Gryphon Aviary | 1 | |
33 total
» build order
00:06 Altar of Kings
00:23 Farm
00:39 Barracks
00:53 Farm
01:46 Scout Tower
01:56 Farm
02:30 Arcane Tower
02:42 Farm
02:57 Lumber Mill
03:33 Keep
03:48 Arcane Vault
04:11 Blacksmith
04:15 Scout Tower
04:23 Scout Tower
04:53 Guard Tower
04:57 Guard Tower
06:01 Farm
06:03 Farm
07:58 Guard Tower
08:07 Guard Tower
09:05 Castle
09:07 Farm
09:08 Farm
09:44 Arcane Sanctum
09:46 Arcane Sanctum
14:28 Guard Tower
14:40 Guard Tower
15:17 Guard Tower
16:31 Farm
16:31 Farm
16:32 Farm
17:43 Town Hall
19:28 Gryphon Aviary
» items
| Scroll of Regeneration | 2 | |
| Lesser Clarity Potion | 3 | |
| Ivory Tower | 10 | |
| Potion of Healing | 2 | |
17 total
refereesDJOrwell Chat log
(00:09 / All) DamThatRiver: fog
(00:10 / All) DamThatRiver: grrr
(00:15 / All) DJOrwell: is there any cheesing in this game
(00:18 / All) Freakapie: ?
(00:25 / All) DJOrwell: like the proton cannon rush in starcraft
(00:30 / All) DamThatRiver: it messed up my build slightly
(00:32 / All) Freakapie: Not really, unless you count human towers vs elf on tereenas stand
(00:34 / All) DamThatRiver: nah not really
(00:38 / All) DJOrwell: darn
(00:40 / All) Freakapie: like what I tried to do against dam
(00:41 / All) DJOrwell: cheesing is the best thing
(00:43 / All) Freakapie: works good against elf
(00:46 / All) Freakapie: if you do it right
(01:00 / All) DJOrwell: oooooooh okay
(01:03 / All) DJOrwell: it's a fan block
(01:17 / All) DJOrwell: you put the buildings to the side, not in front of the town hall
(01:22 / All) DamThatRiver: indeed
(01:27 / All) Freakapie: Thanks for giving him maphack
(01:28 / All) DamThatRiver: its meant to block heroes from my workers
(01:33 / All) DamThatRiver: and protect them
(01:34 / All) Freakapie: essentially, yeah
(01:39 / All) DJOrwell: oh oops lol
(01:45 / All) DJOrwell: well he's undead if you care :P
(02:36 / All) DJOrwell: i like death knight too!
(02:41 / All) DJOrwell: healing spells are my bread and butter
(03:02 / All) Freakapie: lol
(03:05 / All) Freakapie: Just realized I built two shops
(03:07 / All) Freakapie: Accidentally
(03:07 / All) Freakapie: Lol
(03:15 / All) DJOrwell: it should lower the prices if you do that
(03:19 / All) Freakapie: lol
(03:21 / All) DJOrwell: supply and demand, hell yeah
(03:55 / All) DJOrwell: we gotta play that risk map
(03:59 / All) DJOrwell: i am actually not terrible at that
(04:35 / All) Freakapie: woops
(04:37 / All) DamThatRiver: i teched too fast
(04:38 / All) DamThatRiver: fuck
(04:43 / All) DJOrwell: me alt-tabbing doesn't cause you lag, right?
(04:43 / All) Freakapie: That was a talons and a half
(04:47 / All) Freakapie: nope
(04:49 / All) Freakapie: not me anyway
(04:52 / All) DJOrwell: good, cool
(04:56 / All) Freakapie: Guess that means you didn't see what I just did
(04:57 / All) Freakapie: Good
(05:38 / All) DJOrwell: a warcraft / starcraft crossover game would be amazing
(05:45 / All) Freakapie: Ghetto Campaign mission 3
(05:51 / All) DJOrwell: my god
(06:05 / All) DJOrwell: i'll have to check that out
(06:07 / All) Freakapie: Also there's some mod floating around
(06:11 / All) DamThatRiver: im playing som bad holy shit
(06:17 / All) Freakapie: that does sc2 zerg vs war3
(06:23 / All) Freakapie: can't get it to work for some reason though
(06:31 / All) DJOrwell: mod for wc3 or sc2?
(06:34 / All) Freakapie: war3
(06:37 / All) DJOrwell: ah
(07:08 / All) Freakapie: But yeah, it's a fun concept
(07:29 / All) DJOrwell: freak do you ever use cannon towers?
(07:37 / All) Freakapie: rarely
(07:46 / All) DamThatRiver: only in mirrors agaisnt tanks
(07:59 / All) Freakapie: maybe on murgul oasis when using flamestrike to put a secret entrance in their base
(08:00 / All) DJOrwell: omfg
(08:01 / All) DJOrwell: oh snap
(08:07 / All) Freakapie: Fuck me
(08:19 / All) DJOrwell: OH SNAP
(08:41 / All) DJOrwell: GET HIM GET THAT HERO
(08:43 / All) DJOrwell: KILL HIM KILL HIM
(09:01 / All) DJOrwell: YESSSSSSSSSSSSS
(09:08 / All) Freakapie: you're loving this aren't you
(09:14 / All) DJOrwell: GO DAM WHOO WHOOOOOOOOO
(09:29 / All) DJOrwell: DAM BUILD MORE TOWERS
(09:31 / All) DJOrwell: QUICK QUICK
(09:37 / All) DJOrwell: at the enemy base, of course
(09:58 / All) DJOrwell: lol three acolytes repairing
(10:04 / All) DJOrwell: OH SNAP
(10:06 / All) DJOrwell: DAM GET OUT
(10:12 / All) DJOrwell: NOOOOOOOOO YOU WEREN'T WATCHING
(10:24 / All) DJOrwell: THE TOWER IS ALMOST DEAD HURRY FIX IT
(10:33 / All) DJOrwell: OH NO
(10:40 / All) DJOrwell: ALL IS LOST
(10:51 / All) DJOrwell: OH?
(10:57 / All) DJOrwell: A BUILD TRANSITION?
(11:26 / All) DJOrwell: spend, dam, spend spend spend!
(12:16 / All) DJOrwell: your gold mine is understaffed, freak
(12:23 / All) Freakapie: yeah I know
(12:30 / All) Freakapie: i kinda lost all of them remember ll
(12:46 / All) Freakapie: but yeah
(12:48 / All) Freakapie: This looks really bad for me
(13:11 / All) DJOrwell: does everyone play on always show health bars?
(13:18 / All) DamThatRiver: yeah
(13:22 / All) Freakapie: I don't bu ti probably should
(13:35 / All) DJOrwell: I wish it showed enemy health bars as different colors
(13:39 / All) DJOrwell: would REALLY help in dota
(13:46 / All) Freakapie: lol
(13:56 / All) DJOrwell: i always panic mouse over every hero in dota
(14:00 / All) DJOrwell: can never get my team straight
(14:01 / All) DamThatRiver: wish i wasnt one absing
(14:19 / All) Freakapie: oh fuck spell breakers
(14:56 / All) DJOrwell: there needs to be an RTS game with dodgeable attacks
(15:05 / All) DJOrwell: bullet hell RTS
(15:06 / All) DJOrwell: fuck yes
(15:19 / All) DJOrwell: with doom enemies as units D:
(15:44 / All) DJOrwell: OH SNAP FREAK HE'S GON KEEEEEL YOU
(16:15 / All) DJOrwell: omfg no freak noooooooooooooooooooo
(16:20 / All) DJOrwell: OH
(16:23 / All) DJOrwell: YES
(16:24 / All) DJOrwell: NO
(16:26 / All) DJOrwell: GOD WOW
(16:29 / All) DJOrwell: FREAK YOU ALMOST DID IT
(16:32 / All) Freakapie: bleh
(16:33 / All) DJOrwell: ALMOST BUT NOT QUITE :(
(16:52 / All) Freakapie: not sure there's much I can do to win at the moment
(17:02 / All) DJOrwell: QUICKLY
(17:05 / All) DJOrwell: CORNER THE GLOBAL ENERGY MARKET
(17:46 / All) DJOrwell: this game makes me want to pull my mouse wheel out
(18:22 / All) DJOrwell: lamest hero fight ever
(18:52 / All) DJOrwell: oh snap freak you better expo soon
(19:05 / All) DJOrwell: or not
(19:08 / All) Freakapie: Kinda hard to when I'm about to die every time he moves his units
(20:03 / All) DJOrwell: I wish I could see how you guys organized your squads
(20:08 / All) DJOrwell: I can't group-select
(21:25 / All) DJOrwell: omg
(21:36 / All) DamThatRiver: i looked asway for one second
(21:37 / All) DamThatRiver: lol
(21:46 / All) DJOrwell: EXPO FREAK EXPO NOW
(21:57 / All) DJOrwell: YOUR GOLD MINE IS RUNNING LOW D:
(23:33 / All) DJOrwell: is there ever a reason to have more than two gold mines running?
(23:51 / All) DJOrwell: KILL HIM DAM
(23:53 / All) DJOrwell: KILL HIM QUICK
(24:04 / All) DJOrwell: DON'T LET HIM GET AWAY
(24:37 / All) DJOrwell: freak has 41 pop
(24:43 / All) DJOrwell: dam has 79
(24:44 / All) Freakapie: Stop telling him shit
(24:46 / All) DJOrwell: humiliation
(24:48 / All) DJOrwell: oh sorry :P
(24:53 / All) DJOrwell: I wasn't being biased there
(24:57 / All) Freakapie: still
(25:03 / All) DJOrwell: allerighty
(25:06 / All) Freakapie: and
(25:10 / All) Freakapie: Gg
(25:22 / All) DJOrwell: gg both of you